 Dungeon Crawl Stone Soup version 0.20.1-1-g8b1a95d (webtiles) character file.

219 Inarius the Chiller (level 5, -3/39 HPs)
             Began as a Demigod Ice Elementalist on Dec 27, 2017.
             Slain by a gnoll
             ... wielding a +1 flail of protection
              (12 damage)
             ... on level 3 of the Dungeon on Dec 28, 2017.
             The game lasted 00:12:15 (3271 turns).

Inarius the Chiller (Demigod Ice Elementalist)      Turns: 3271, Time: 00:12:16

Health: -3/39      AC:  3    Str: 11    XL:     5   Next: 36%
Magic:  0/13       EV: 12    Int: 25    God:
Gold:   143        SH:  0    Dex: 16    Spells: 2/10 levels left

rFire    . . .     SeeInvis .   x - +4 short sword
rCold    . . .     Gourm    .   (no shield)
rNeg     + . .     Faith    .   s - +0 leather armour
rPois    .         Spirit   +   (no helmet)
rElec    .         Reflect  .   (no cloak)
rCorr    .         Harm     .   (no gloves)
MR       .....                  (no boots)
Stlth    ++........             h - amulet of guardian spirit
Regen    0.2/turn               k - +4 ring of intelligence
MPRegen  0.2/turn               m - ring of positive energy

@: very slightly contaminated
A: high mp 1
a: no special abilities


You were on level 3 of the Dungeon.
You were very hungry.

You visited 1 branch of the dungeon, and saw 3 of its levels.

You collected 143 gold pieces.

Inventory:

Hand Weapons
 a - a +2 flail of holy wrath
 x - a +4 short sword (weapon)
Armour
 s - a +0 leather armour (worn)
Jewellery
 h - an amulet of guardian spirit (around neck)
 k - a +4 ring of intelligence (left hand)
 m - a ring of positive energy (right hand)
Scrolls
 d - a scroll of remove curse {unknown}
 e - 2 scrolls of teleportation {unknown}
 f - a scroll of blinking {unknown}
 j - a scroll of recharging {unknown}
 n - a scroll of noise {unknown}
 o - 2 scrolls of enchant armour {unknown}
 p - a scroll of identify {unknown}
Potions
 g - a potion of agility {unknown}
 i - a potion of flight {unknown}
 r - 2 potions of curing {unknown}
 u - a potion of heal wounds {unknown}
 v - a potion of haste
 w - a potion of berserk rage {unknown}
Books
 b - a book of Frost

   Spells                             Type                      Level
   a - Freeze                         Ice                          1
   b - Throw Frost                    Conjuration/Ice              2
   c - Ozocubu's Armour               Charms/Ice                   3
   d - Throw Icicle                   Conjuration/Ice              4
   e - Summon Ice Beast               Ice/Summoning                4
Comestibles
 c - 2 bread rations
 l - 2 meat rations
 q - 5 chunks of flesh


   Skills:
 + Level 0.6 Fighting
 + Level 1.1 Armour
 + Level 2.5 Dodging
 - Level 1.9 Stealth
 + Level 3.3 Spellcasting
 * Level 1.6 Conjurations
 + Level 0.3 Charms
 + Level 3.5 Ice Magic


You had 2 spell levels left.
You knew the following spells:

 Your Spells              Type           Power        Failure   Level  Hunger
a - Freeze                Ice            ###.         3%          1    None
b - Ozocubu's Armour      Chrm/Ice       ##......     17%         3    ###....
c - Throw Icicle          Conj/Ice       ###.....     41%         4    ####...


Dungeon Overview and Level Annotations

Branches:
Dungeon (3/15)


Innate Abilities, Weirdness & Mutations

You have an increased reservoir of magic. (+10% MP)


Message History

Unknown command.
Unknown command.
Casting: Freeze
Confirm with . or Enter, or press ? or * to list all spells.
Aiming: Throw Icicle
Press: ? - help, Shift-Dir - straight line, f/p - gnoll
Aim: a gnoll, wielding a flail of protection (almost dead)
You miscast Throw Icicle.
You are very lightly contaminated with residual magic.
You feel a strange surge of energy!
You are feeling very hungry.
A giant cockroach comes into view.
There is a stone staircase leading up here.
The giant cockroach moves out of view.
A goblin comes into view. It is wielding a club.
The goblin shouts!
The goblin drinks a potion.
The goblin seems to speed up.
The giant cockroach closely misses you.
The gnoll hits you with a flail of protection!
You die...

...[...#..........
..)....#<.........#
...<............ .##
.........##.#.###...
#.#####.......##..# #)#
##.........### ### #.#
#............ ....
#.#####.......##s##..###
............<..g@..g...#
#............##........#
.............##........#
......>...#####........#
#.........#######.######
....#..............
...........#######.#
............# ..
............# ###


You could see a gnoll, a giant cockroach and a goblin.

Vanquished Creatures
  A gnoll shaman (D:3)
  A worker ant (D:3)
  6 gnolls
  2 adders
  An ooze (D:2)
  4 worms (D:2)
  4 leopard geckos
  An orc (D:3)
  A ball python (D:1)
  3 giant cockroaches (D:2)
  7 goblins
  8 hobgoblins
  7 jackals (D:3)
  3 quokkas
  5 bats
  6 frilled lizards
  6 kobolds
  6 rats
72 creatures vanquished.

Notes
Turn   | Place    | Note
-------+----------+-------------------------------------------
     0 | D:1      | Inarius the Demigod Ice Elementalist began the quest for the Orb.
     0 | D:1      | Reached XP level 1. HP: 14/14 MP: 5/5
   323 | D:1      | Reached XP level 2. HP: 18/20 MP: 5/7
  1445 | D:2      | Reached XP level 3. HP: 20/26 MP: 7/9
  1486 | D:2      | Learned a level 3 spell: Ozocubu's Armour
  2378 | D:3      | Reached XP level 4. HP: 27/34 MP: 6/11
  2384 | D:3      | Learned a level 4 spell: Throw Icicle
  2426 | D:3      | Reached skill level 1 in Conjurations
  3142 | D:3      | Reached skill level 1 in Armour
  3142 | D:3      | Reached XP level 5. HP: 36/39 MP: 7/12
  3271 | D:3      | Slain by a gnoll

Skill      XL: |  1  2  3  4 |
---------------+-------------+-----
Spellcasting   | 2 3 |  3.3
Ice Magic      | 3 |  3.5
Dodging        | 2 |  2.5
Conjurations   | 1 |  1.6
Armour         | 1 |  1.1
Fighting       | |  0.6
Stealth        | |  1.9
Charms         | |  0.3

Action                   |  1- 3 |  4- 6 || total
-------------------------+-------+-------++-------
Melee: Unarmed           |     5 |       ||     5
       Short sword       |    22 |    58 ||    80
       Flail             |    59 |       ||    59
 Cast: Freeze            |    45 |    12 ||    57
       Ozocubu's Armour  |     3 |     1 ||     4
       Throw Icicle      |       |     3 ||     3
 Stab: Sleeping          |     3 |       ||     3
  Eat: Chunk             |     5 |     3 ||     8
Armor: Robe              |     7 |       ||     7
       Leather armour    |    18 |    23 ||    41
Dodge: Dodged            |    91 |    62 ||   153
